General information
			
			
        
        - name: 2v2 obs #34
 
        - type: Custom game
 
        - host: Jimmy-Lin.
 
        - saver: kunt.roII
 
        
map: TwistedMeadows 
        - players: 12
 
        - length: 18:44
 
        - speed: Fast
 - version: 1.22 W3XP
 - replay type:  Public
 
» download(85 KB)
Players
        team 1 (winner) 
              
              
kunt.roII (
pink | 122 APM | 2283 actions | 18:44)
              
 6 Dreadlord 
 3 Sleep
 2 Vampiric Aura
 1 Inferno
 3 Pandaren Brewmaster 
 1 Drunken Haze
 2 Drunken Brawler
 
                » actions 
                
                | Assign group hotkey | 53 |  | 
| Basic commands | 98 |  | 
| Build / train | 98 |  | 
| ESC pressed | 6 |  | 
| Enter build submenu | 22 |  | 
| Enter hero's abilities submenu | 9 |  | 
| Give item / drop item | 6 |  | 
| Right click | 1003 |  | 
| Select / deselect | 455 |  | 
| Select group hotkey | 390 |  | 
| Use ability | 143 |  | 
                2283 total
 » units 
                
                | Acolyte | 19 |  | 
| Ghoul | 29 |  | 
| Abomination | 5 |  | 
| Necromancer | 2 |  | 
| Crypt Fiend | 2 |  | 
| Banshee | 1 |  | 
                58 total
 » upgrades
                
                | Necromancer Training | 1 |  | 
| Ghoul Frenzy | 1 |  | 
                2 total
 » buildings
                
                | Crypt | 1 |  | 
| Altar of Darkness | 1 |  | 
| Ziggurat | 6 |  | 
| Tomb of Relics | 1 |  | 
| Nerubian Tower | 2 |  | 
| Halls of the Dead | 1 |  | 
| Graveyard | 1 |  | 
| Necropolis | 2 |  | 
| Black Citadel | 2 |  | 
| Temple of the Damned | 1 |  | 
| Slaughterhouse | 1 |  | 
| Sacrificial Pit | 1 |  | 
| Spirit Tower | 1 |  | 
                21 total
 » build order
                00:09 Crypt
00:17 Altar of Darkness
00:27 Ziggurat
01:09 Tomb of Relics
01:38 Nerubian Tower
01:50 Ziggurat
04:31 Halls of the Dead
05:23 Ziggurat
05:38 Graveyard
05:59 Necropolis
07:09 Ziggurat
08:48 Ziggurat
08:50 Ziggurat
08:51 Necropolis
09:08 Black Citadel
09:43 Temple of the Damned
10:11 Slaughterhouse
10:52 Nerubian Tower
11:19 Sacrificial Pit
11:51 Spirit Tower
» items
                
                | Dust of Appearance | 2 |  | 
| Rod of Necromancy | 4 |  | 
| Potion of Healing | 5 |  | 
| Potion of Mana | 1 |  | 
| Scroll of Town Portal | 1 |  | 
| Orb of Corruption | 1 |  | 
| Scroll of Healing | 2 |  | 
| Circlet of Nobility | 1 |  | 
| Potion of Lesser Invulnerability | 1 |  | 
| Scroll of Protection | 1 |  | 
                19 total
  
               team 2 (loser) 
              
              
ReonK (
red | 168 APM | 3145 actions | 18:42)
              
 4 Blademaster 
 2 Wind Walk
 2 Critical Strike
 2 Shadow Hunter 
 1 Healing Wave
 1 Hex
 
                » actions 
                
                | Assign group hotkey | 28 |  | 
| Basic commands | 416 |  | 
| Build / train | 66 |  | 
| Enter build submenu | 12 |  | 
| Enter hero's abilities submenu | 6 |  | 
| Give item / drop item | 3 |  | 
| Right click | 1254 |  | 
| Select / deselect | 495 |  | 
| Select group hotkey | 756 |  | 
| Use ability | 109 |  | 
                3145 total
 » units 
                
                | Peon | 7 |  | 
| Grunt | 10 |  | 
| Spirit Walker | 6 |  | 
| Raider | 10 |  | 
                33 total
 » upgrades
                
                | Ensnare | 1 |  | 
| Berserker Strength | 1 |  | 
| Spirit Walker Training | 1 |  | 
                3 total
 » buildings
                
                | Altar of Storms | 1 |  | 
| Orc Burrow | 5 |  | 
| Barracks | 1 |  | 
| Voodoo Lounge | 1 |  | 
| Stronghold | 2 |  | 
| War Mill | 1 |  | 
| Spirit Lodge | 1 |  | 
| Beastiary | 1 |  | 
                13 total
 » build order
                00:05 Altar of Storms
00:19 Orc Burrow
00:44 Barracks
01:34 Orc Burrow
02:06 Voodoo Lounge
03:10 Stronghold
03:10 Stronghold
03:36 Orc Burrow
04:40 War Mill
05:33 Spirit Lodge
05:36 Beastiary
06:54 Orc Burrow
11:22 Orc Burrow
» items
                
                | Healing Salve | 5 |  | 
| Lesser Clarity Potion | 5 |  | 
| Scroll of Speed | 1 |  | 
| Potion of Healing | 3 |  | 
| Boots of Speed | 1 |  | 
| Potion of Mana | 1 |  | 
                16 total
  
               observersJimmy-Lin., 
Domacile, 
Ghoulzzz, 
neckbeard, 
OrangeOrc, 
Tw-Milk.B, 
draven, 
Glucifer, 
Lotos_Slayer, 
CoffeeGrounds Chat log
          (00:04 / All) kunt.roII: lol
(00:06 / All) kunt.roII: ur dumb friend neckbearde
(00:12 / All) kunt.roII: gonna ghost for u/> xD
(00:49 / All) kunt.roII: he wasnt even here..so obvoiusly someone told him? xD
(01:26 / All) kunt.roII: sok im just gonna goof off strat
(01:29 / All) kunt.roII: still prob rape u 
(03:21 / All) kunt.roII: tt
(03:26 / All) kunt.roII: ww last too long
(07:53 / All) kunt.roII: D...
(13:02 / All) kunt.roII: ill skip BoF ok?
(15:14 / All) kunt.roII: wtf ghousl lol\
(17:15 / All) kunt.roII: hey noob
(17:16 / All) kunt.roII: u lost to DL panda